 Dungeon Crawl Stone Soup version 0.29-a0-330-g52719c12eb (webtiles) character file.

Game seed: 10439728047154406632

1508 dohliylev the Skirmisher (level 8, -1/81 HPs)
             Began as a Troll Warper on May 27, 2022.
             Was an Initiate of Okawaru.
             Slain by a killer bee (3 damage)
             ... on level 9 of the Dungeon.
             The game lasted 00:12:15 (3724 turns).

dohliylev the Skirmisher (Troll Warper)             Turns: 3724, Time: 00:12:16

Health: -1/81      AC:  5    Str: 22    XL:     8   Next: 53%
Magic:  4/11       EV: 11    Int:  9    God:    Okawaru [......]
Gold:   401        SH:  0    Dex: 15    Spells: 8/13 levels left

rFire   . . .      SeeInvis .     - Unarmed
rCold   . . .      Faith    .   (no shield)
rNeg    . . .      Spirit   .   u - +1 animal skin
rPois   .          Reflect  .   (helmet restricted)
rElec   .          Harm     .   (no cloak)
rCorr   .          Rampage  .   (gloves unavailable)
Will    +....                   (boots unavailable)
Stlth   +.........              (no amulet)
HPRegen 1.03/turn               z - ring of willpower
MPRegen 0.12/turn               n - +6 ring of dexterity

@: mighty, lethally poisoned (-1 -> -3), about to teleport
A: large, unfitting armour, claws 3, regeneration 1, shaggy fur 1, tough skin 1
a: Renounce Religion


You were on level 9 of the Dungeon.
You worshipped Okawaru.
Okawaru was noncommittal.
You visited 2 branches of the dungeon, and saw 10 of its levels.

You collected 401 gold pieces.

Inventory:

Hand Weapons
 x - a +0 giant spiked club
Missiles
 c - 5 boomerangs of dispersal (quivered)
 C - 2 boomerangs
Armour
 u - a +1 animal skin (worn)
Jewellery
 k - a ring of see invisible
 n - a +6 ring of dexterity (right claw)
 t - a ring of resist corrosion
 w - a ring of flight
 z - a ring of willpower (left claw)
 A - a ring of positive energy
Wands
 v - a wand of paralysis (8)
Scrolls
 a - 2 scrolls of magic mapping {unknown}
 i - 2 scrolls of teleportation
 j - 3 scrolls of identify {unknown}
 o - 2 scrolls of enchant armour {unknown}
 p - a scroll of immolation {unknown}
 y - a scroll of brand weapon {unknown}
 B - a scroll of fear {unknown}
Potions
 d - 3 potions of haste {unknown}
 e - 2 potions of heal wounds {unknown}
 f - a potion of flight {unknown}
 g - a potion of degeneration {unknown}
 h - 2 potions of mutation {unknown}
 l - 4 potions of curing {unknown}
 m - 2 potions of lignification {unknown}
 q - 2 potions of might
 r - 2 potions of resistance {unknown}
 s - 3 potions of attraction {unknown}


   Skills:
 + Level 5.5 Fighting
 + Level 0.8 Throwing
 - Level 4.0 Dodging
 - Level 4.0 Unarmed Combat
 + Level 3.2 Spellcasting
 - Level 4.0 Translocations


You had 8 spell levels left.
You knew the following spells:

 Your Spells              Type           Power      Damage    Failure   Level
a - Blink                 Tloc           16%        N/A       9%          2
b - Lesser Beckoning      Tloc           8%         N/A       17%         3

Your spell library contained the following spells:

 Spells                   Type           Power      Damage    Failure   Level
 Gell's Gravitas          Tloc           8%         N/A       17%         3
 Teleport Other           Tloc           8%         N/A       17%         3
 Shock                    Conj/Air       4%         1d3       30%         1
 Sting                    Tmut/Pois      4%         1d3       30%         1
 Ensorcelled Hibernation  Hex/Ice        2%         N/A       41%         2
 Poisonous Vapours        Pois/Air       2%         N/A       41%         2
 Ignite Poison            Fire/Tmut/Pois 1%         N/A       65%         3
 Mephitic Cloud           Conj/Pois/Air  1%         N/A       65%         3
 Ozocubu's Armour         Ice            1%         N/A       65%         3
 Spider Form              Tmut/Pois      1%         N/A       65%         3
 Swiftness                Air            1%         N/A       65%         3
 Manifold Assault         Tloc           8%         N/A       85%         5
 Airstrike                Air            0%         N/A       96%         4
 Anguish                  Hex/Necr       0%         N/A       96%         4
 Olgreb's Toxic Radiance  Pois           1%         N/A       96%         4
 Freezing Cloud           Conj/Ice/Air   0%         6-21      100%        5
 Metabolic Englaciation   Hex/Ice        0%         N/A       100%        5
 Polar Vortex             Ice            0%         N/A       100%        9
 Simulacrum               Ice/Necr       Unusable   N/A       N/A         6

Dungeon Overview and Level Annotations

Branches:
Dungeon (9/15)             Temple (1/1) D:7
   Lair: D:8-11         Orc: D:9-12

Altars:
Dithmenos
Elyvilon
Fedhas
Kikubaaqudgha
Nemelex Xobeh
Okawaru
Qazlal
Ru
Trog
Uskayaw
Vehumet
Xom
Yredelemnul
The Shining One

Annotations:
D:9 Amaemon


Innate Abilities, Weirdness & Mutations

You are too large for most types of armour.
You have claws for hands.
Your natural rate of healing is unusually fast.
You are covered in fur. (AC +1)
You have tough skin. (AC +1)


Message History

The orc attacks as you move away! The orc hits you with a +0 club.
The killer bee attacks as you move away!
The killer bee stings you but does no damage.
The killer bee stings you.
* * * LOW HITPOINT WARNING * * *
The orc priest looks braver for a moment.
The killer bee attacks as you move away!
The killer bee stings you.
* * * LOW HITPOINT WARNING * * *
You are poisoned.
The killer bee poisons you!
You feel sick. The killer bee stings you.
* * * LOW HITPOINT WARNING * * *
The orc hits you but does no damage.
Casting: Blink (safe; 9% risk of failure)
Confirm with . or Enter, or press ? or * to list all spells.
You blink.
You feel sick.
The orc priest calls down the wrath of Beogh upon you.
Beogh smites you!
* * * LOW HITPOINT WARNING * * *
You feel sick. The orc attacks as you move away! The orc barely misses you.
You feel sick.
The killer bee stings you but does no damage.
A two-headed ogre comes into view.
It is wielding a +0 giant club and a +0 dire flail.
You feel sick.
You are no longer poisoned.
The killer bee misses you. The killer bee closely misses you.
As you read the scroll labelled SOLIFU KOCS, it crumbles to dust.
You feel strangely unstable.
It was a scroll of teleportation.
The killer bee stings you.
* * * LOW HITPOINT WARNING * * *
The killer bee misses you. The killer bee stings you.
* * * LOW HITPOINT WARNING * * *
You are lethally poisoned!
The killer bee poisons you!
It was a potion of might.
You feel very mighty all of a sudden.
You feel stable enough to blink again.
* * * LOW HITPOINT WARNING * * *
You feel very sick. The killer bee closely misses you.
The killer bee stings you.
You die...

..y..#####.......#
..... #.....4.#
..... #.......#
##y......#
.ooo.....#
###O.oo.?.#
#o.....)#
#yyy....#
#@yo....#
#########


You could see a two-headed ogre, an orange demon (curare), an orc warrior, 5
killer bees, 2 orc priests and 4 orcs.

Vanquished Creatures
  Sigmund (D:5)
  Eustachio (D:4)
  An orc warrior (D:6)
  2 ogres
  2 phantoms
  A necrophage (D:5)
  3 scorpions
  A howler monkey (D:5)
  2 hounds
  2 orc priests (D:6)
  2 iguanas
  Ijyb (D:4)
  5 orc wizards
  Robin (D:4)
  8 gnolls
  3 adders
  A shadow imp (D:5)
  A white imp (D:6)
  A worm (D:2)
  19 orcs
  2 ball pythons (D:1)
  4 endoplasms
  A giant cockroach (D:1)
  13 goblins
  10 hobgoblins
  5 kobolds
  2 quokkas
  5 bats (D:1)
  2 frilled lizards (D:2)
102 creatures vanquished.

Notes
Turn   | Place    | Note
-------+----------+-------------------------------------------
     0 | D:1      | dohliylev the Troll Warper began the quest for the Orb.
     0 | D:1      | Reached XP level 1. HP: 19/19 MP: 1/1
   179 | D:1      | Reached XP level 2. HP: 27/27 MP: 2/2
   182 | D:1      | Learned a level 2 spell: Blink
   772 | D:2      | Found a radiant altar of Vehumet.
  1272 | D:3      | Reached XP level 3. HP: 34/35 MP: 1/4
  1384 | D:2      | Reached XP level 4. HP: 16/42 MP: 3/5
  1636 | D:3      | Noticed an ogre
  1652 | D:4      | Noticed Robin
  1667 | D:4      | Reached XP level 5. HP: 49/49 MP: 6/6
  1670 | D:4      | Noticed Eustachio
  1679 | D:4      | Killed Robin
  1697 | D:4      | Killed Eustachio
  1698 | D:4      | Reached skill level 2 in Fighting
  1698 | D:4      | Reached XP level 6. HP: 33/59 MP: 7/7
  1762 | D:4      | Found a stormy altar of Qazlal.
  1848 | D:4      | Noticed Ijyb
  1864 | D:4      | Killed Ijyb
  2071 | D:4      | Reached skill level 3 in Fighting
  2071 | D:4      | Reached XP level 7. HP: 47/67 MP: 7/9
  2314 | D:5      | Entered Level 5 of the Dungeon
  2375 | D:5      | Noticed Sigmund
  2389 | D:5      | Killed Sigmund
  2487 | D:5      | Reached skill level 4 in Fighting
  2946 | D:5      | Reached XP level 8. HP: 73/79 MP: 10/10
  3274 | D:6      | Reached skill level 5 in Fighting
  3457 | D:6      | Noticed a white ugly thing
  3508 | D:7      | Found a staircase to the Ecumenical Temple.
  3519 | Temple   | Entered the Ecumenical Temple
  3619 | Temple   | Became a worshipper of Warmaster Okawaru
  3677 | D:8      | Learned a level 3 spell: Lesser Beckoning
  3710 | D:9      | Noticed Amaemon
  3710 | D:9      | Noticed an orange demon
  3721 | D:9      | Noticed a two-headed ogre
  3723 | D:9      | HP: 4/81 [killer bee (1)]
  3724 | D:9      | Slain by a killer bee

Illustrated notes

Levels and vault maps discovered:
D:1:      minmay_arrival_stone_box, layout_basic, minmay_misc_feat_diagonals,
          minmay_misc_feat_doors, minmay_misc_feat_pillars, minmay_pentomino_q2
D:2:      layout_loops_ring, basic_altar
D:3:      layout_rooms, kennysheep_generic_room_15
D:4:      nicolae_BIG_FREAKIN_CUBE, layout_rooms,
          nicolae_qazlal_scattered_showers, uniq_eustachio, uniq_ijyb,
          uniq_robin
D:5:      layout_gridville, uniq_sigmund
D:6:      minmay_cornered_nines, layout_basic
D:7:      layout_rooms, minmay_temple_entry_tees
D:8:      layout_cave_pools, zin_statuary, gammafunk_temple_overflow_elements,
          marbit_many_paths, item_on_display_b, uniq_erica
D:9:      layout_rooms, nicolae_gozag_seed_capital,
          chequers_temple_overflow_minitemple, lair_entry_dummy, uniq_amaemon
Temple:   cyrus_circular_temple

Skill      XL: |  1  2  3  4  5  6  7  8 |
---------------+-------------------------+-----
Dodging        | 2 3 4 |  4.0
Unarmed Combat | 3 4 |  4.0
Fighting       | 2 3 4 5 |  5.5
Translocations | 3 4 |  4.0
Spellcasting   | 2 3 |  3.2
Throwing       | |  0.8

Action                   |  1- 3 |  4- 6 |  7- 9 || total
-------------------------+-------+-------+-------++-------
Melee: Unarmed           |    97 |   119 |   135 ||   351
       Punch             |     3 |     1 |     6 ||    10
Throw: Boomerang         |       |       |     2 ||     2
 Cast: Blink             |     3 |       |    11 ||    14
  Use: Scroll            |       |       |     2 ||     2
       Potion            |       |       |     1 ||     1
Armor: Robe              |    49 |    12 |       ||    61
       Animal skin       |       |    11 |    36 ||    47
Dodge: Dodged            |    62 |    49 |    78 ||   189

Table legend: (Time is in decaauts)
 A = Elapsed time spent in this place.
 B = Non-inter-level travel time spent in this place.
 C = Inter-level travel time spent in this place.
 D = Time resting spent in this place.
 E = Time spent auto-exploring this place.
 F = Levels seen in this place.
 G = Mean time per level.
                   A        B        C        D        E       F      G
               +--------+--------+--------+--------+--------+-----+--------+
         Total |   3698 |   3597 |    101 |    416 |   2072 |  10 |  369.8 |
       Dungeon |   3585 |   3496 |     89 |    374 |   2036 |   9 |  398.3 |
        Temple |    113 |    101 |     12 |     42 |     36 |   1 |  113.0 |
               +--------+--------+--------+--------+--------+-----+--------+

Top non-repeatable levels by time:
     D:5: 762 daAuts
     D:2: 747 daAuts
     D:1: 602 daAuts
     D:4: 562 daAuts
     D:6: 407 daAuts
     D:3: 389 daAuts
  Temple: 113 daAuts
     D:8: 64 daAuts
     D:7: 35 daAuts
     D:9: 13 daAuts
